 Seeded DCSS version 0.30-a0-691-g754fce4c43 (webtiles) character file.

Game seed: 9403513121866162502 (custom seed)

335 hikkokomori the Chopper (level 6, 0/58 HPs)
             Began as a Minotaur Berserker on Jan 20, 2023.
             Was a Believer of Trog.
             Slain by a gnoll
             ... wielding a +0 flail
              (8 damage)
             ... on level 4 of the Dungeon.
             The game lasted 00:04:16 (2891 turns).

hikkokomori the Chopper (Minotaur Berserker)        Turns: 2891, Time: 00:04:16

Health: 0/58       AC:  2    Str: 24    XL:     6   Next: 28%
Magic:  5/5        EV: 12    Int:  4    God:    Trog [**....]
Gold:   121        SH:  0    Dex:  9    Spells: 5/5 levels left

rFire   . . .      SeeInvis .    a - +0 hand axe
rCold   . . .      Faith    .    (no shield)
rNeg    . . .      Spirit   .    b - +0 animal skin
rPois   .          Reflect  .    (helmet restricted)
rElec   .          Harm     .    (no cloak)
rCorr   .          Rampage  .    (no gloves)
Will    ++...                    (no boots)
Stlth   +                        (no amulet)
HPRegen 1.29/turn                (no ring)
MPRegen 0.09/turn                (no ring)

@: strong-willed, on berserk cooldown, regenerating, slowed, very slow
A: horns 2, retaliatory headbutt
a: Renounce Religion, Berserk, Trog's Hand


You were on level 4 of the Dungeon.
You worshipped Trog.
Trog was pleased with you.
You visited 1 branch of the dungeon, and saw 4 of its levels.

You collected 233 gold pieces.
You spent 112 gold pieces at shops.

Inventory:

Hand Weapons
 a - a +0 hand axe (weapon)
Armour
 b - a +0 animal skin (worn)
Jewellery
 r - a ring of resist corrosion
 w - a ring of protection from cold
Scrolls
 c - 2 scrolls of amnesia {unknown}
 d - a scroll of teleportation {unknown}
 e - a scroll of vulnerability {unknown}
 g - 2 scrolls of enchant armour {unknown}
 m - a scroll of poison {unknown}
 n - a scroll of enchant weapon {unknown}
 o - a scroll of butterflies {unknown}
 p - 5 scrolls of identify {unknown}
 t - a scroll of immolation {unknown}
 v - 2 scrolls of fog {unknown}
Potions
 f - a potion of might {unknown}
 h - 2 potions of curing
 i - a potion of ambrosia {unknown}
 j - a potion of degeneration {unknown}
 k - a potion of berserk rage {unknown}
 l - 2 potions of heal wounds
 q - 2 potions of haste {unknown}
 s - a potion of invisibility {unknown}
 u - a potion of mutation {unknown}


   Skills:
 + Level 6.5 Fighting
 + Level 6.5 Axes
 - Level 2.4 Armour
 - Level 2.2 Dodging


You had 5 spell levels left.
You didn't know any spells.
Your spell library was empty.

Dungeon Overview and Level Annotations

Branches:
Dungeon (4/15)             Temple (0/1) D:4

Altars:
Ashenzari
Elyvilon
Fedhas
Ru
Sif Muna

Shops:
D:3 !   D:4 :(=


Innate Abilities, Weirdness & Mutations

You have a pair of horns on your head.
You reflexively headbutt those who attack you in melee.


Message History

There are monsters nearby!
A red film seems to cover your vision as you go berserk!
You feel yourself moving faster!
You feel mighty!
You hear a shout!
A dart slug comes into view.
A gnoll comes into view. It is wielding a +0 flail.
You hear an angry hiss.
Found Bazyodwo's Jewellery Shop.
You feel a strong urge to attack something.
Found Equneep's Weapon Boutique.
You feel your anger nearly subside.
You are no longer berserk.
You are exhausted.
You feel yourself slow down. The gnoll hits you with a +0 spear!
An iguana comes into view.
The gnoll closely misses you.
You closely miss the gnoll. You hit the gnoll. The gnoll barely misses you.
The gnoll closely misses you.
Your skin crawls.
You feel strong-willed. The gnoll completely misses you.
The gnoll hits you from afar with a +0 spear.
The gnoll hits you from afar with a +0 spear!
The gnoll hits you with a +0 club. The gnoll hits you with a +0 flail!
The gnoll hits you from afar with a +0 spear.
The dart slug barely misses you. You furiously retaliate!
You headbutt the dart slug.
Unknown command.
You hit the gnoll.
The gnoll is moderately wounded.
You hit the gnoll. You hit the dart slug. The gnoll closely misses you.
The gnoll barely misses you. The gnoll closely misses you.
The gnoll hits you with a +0 flail!
* * * LOW HITPOINT WARNING * * *
The dart slug bites you.
* * * LOW HITPOINT WARNING * * *
Unknown command.
The gnoll hits you with a +0 club!
* * * LOW HITPOINT WARNING * * *
The gnoll hits you with a +0 flail!
You die...

........##
##............##
#..............#
#..............##########
...............#........#
#..............#........#
#.....g........#........#
......gg................#
...
#.....g@....###........#
... #.#.#.w#######
#........# ..# .∩...
#........# . ∩.#.#..
#........# .. ..#
#......... .# ...
####.##### .####
...#...... ########
>...###............#
.≈§≈≈≈..
..#................#
≈.....≈.


You could see 4 gnolls and a dart slug.

Vanquished Creatures
  A bullfrog (D:3)
  A scorpion (D:4)
  2 iguanas
  Robin (D:2)
  5 adders
  A worm (D:2)
  2 dart slugs
  3 orcs (D:4)
  2 endoplasms (D:2)
  12 giant cockroaches
  13 hobgoblins
  8 jackals
  2 quokkas
  10 ball pythons
  2 frilled lizards (D:1)
  11 goblins
  10 kobolds
  5 rats
91 creatures vanquished.

Notes
Turn   | Place    | Note
-------+----------+-------------------------------------------
     0 | D:1      | hikkokomori the Minotaur Berserker began the quest for the
                  | Orb.
     0 | D:1      | Reached XP level 1. HP: 19/19 MP: 0/0
   107 | D:1      | You fall into a shaft and drop 1 floor!
   203 | D:2      | Reached XP level 2. HP: 27/27 MP: 1/1
   335 | D:2      | Reached XP level 3. HP: 33/34 MP: 2/2
   357 | D:2      | Reached ** piety under Trog
   359 | D:2      | Noticed Robin
   370 | D:2      | Killed Robin
   373 | D:2      | HP: 2/51 [goblin/+0 club[Robin] (2)]
  1100 | D:1      | Found a faded altar of an unknown god.
  1218 | D:1      | Reached XP level 4. HP: 41/41 MP: 3/3
  1267 | D:1      | Reached skill level 5 in Axes
  1269 | D:1      | Reached skill level 5 in Fighting
  1618 | D:3      | Found Fack's Distillery.
  1618 | D:3      | Noticed a bullfrog
  1625 | D:3      | Killed a bullfrog
  1626 | D:3      | Reached XP level 5. HP: 29/48 MP: 4/4
  1757 | D:3      | Bought a potion of heal wounds for 70 gold pieces
  1757 | D:3      | Bought a potion of curing for 42 gold pieces
  1814 | D:3      | Reached *** piety under Trog
  2039 | D:3      | Found a shimmering blue altar of Sif Muna.
  2082 | D:3      | Found a sacrificial altar of Ru.
  2156 | D:3      | Found a broken altar of Ashenzari.
  2314 | D:3      | Found a white marble altar of Elyvilon.
  2417 | D:4      | Found a staircase to the Ecumenical Temple.
  2515 | D:4      | Found Vepru's Book Shoppe.
  2538 | D:4      | Reached XP level 6. HP: 33/58 MP: 5/5
  2702 | D:4      | Found a blossoming altar of Fedhas.
  2885 | D:4      | Found Bazyodwo's Jewellery Shop.
  2887 | D:4      | Found Equneep's Weapon Boutique.
  2891 | D:4      | Slain by a gnoll

Illustrated notes

Levels and vault maps discovered:
D:1:      matt_arrival_refuge, layout_basic,
          hellmonk_ecumenical_altar_inner_sanctum, serial_park_tiny_1,
          minmay_worlds_worst_comb
D:2:      layout_basic, uniq_robin
D:3:      layout_basic, mainiacjoe_overflow_small_starburst,
          lemuel_blue_sif_altar, ashenzari_conservatory_becter,
          lemuel_coloured_pillars_altar, serial_shops, nicolae_shop_statue_plus
D:4:      layout_rooms, mainiacjoe_overflow_paths, minmay_temple_entry_trees,
          serial_shops, nicolae_shop_crystal, shop, shop, hex_medium

Skill      XL: |  1  2  3  4  5 |
---------------+----------------+-----
Fighting       | 4 5 6 |  6.5
Axes           | 4 5 6 |  6.5
Armour         | |  2.4
Dodging        | |  2.2

Action                   |  1- 3 |  4- 6 || total
-------------------------+-------+-------++-------
Melee: Hand axe          |    72 |   111 ||   183
       Headbutt          |    10 |    10 ||    20
       Punch             |       |     1 ||     1
Invok: Berserk           |     1 |     5 ||     6
       Trog's Hand       |       |     1 ||     1
Armor: Animal skin       |    15 |    15 ||    30
Dodge: Dodged            |    44 |    84 ||   128

Table legend: (Time is in decaauts)
 A = Elapsed time spent in this place.
 B = Non-inter-level travel time spent in this place.
 C = Inter-level travel time spent in this place.
 D = Time resting spent in this place.
 E = Time spent auto-exploring this place.
 F = Levels seen in this place.
 G = Mean time per level.
                   A        B        C        D        E       F      G
               +--------+--------+--------+--------+--------+-----+--------+
         Total |   2936 |   2804 |    132 |    115 |   2239 |   4 |  734.0 |
       Dungeon |   2936 |   2804 |    132 |    115 |   2239 |   4 |  734.0 |
               +--------+--------+--------+--------+--------+-----+--------+

Top non-repeatable levels by time:
     D:3: 876 daAuts
     D:1: 830 daAuts
     D:2: 732 daAuts
     D:4: 496 daAuts
